Map: Abyssal Reef LE

Players

ShoWTimE

  • Race: Protoss Protoss
  • Spawn Location: 5:00

ByuN - Winner!

  • Race: Terran Terran
  • Spawn Location: 11:00

Event: HomeStory Cup XV

VOD

Have the link to the VOD?

Description

Time

  • Played on: July 22, 2017, 7:43 a.m.
  • Length: 11:10

All games in this series

Show
View Real Time Build Order
Export as new Build Order

ShoWTimE Protoss 

Build Orders: Oracle Opening 

Get SALT Encoding   

  12  0:00  Probe (Chrono Boost)  
  13  0:11  Probe (Chrono Boost)  
  14  0:17  Pylon  
  14  0:22  Probe (Chrono Boost)  
  16  0:35  Probe (Chrono Boost)  
  16  0:36  Gateway  
  16  0:42  Assimilator  
  16  0:46  Probe (Chrono Boost)  
  17  0:51  Assimilator  
  17  0:56  Probe (Chrono Boost)  
  18  1:07  Probe (Chrono Boost)  
  19  1:17  Probe (Chrono Boost)  
  20  1:23  Cybernetics Core  
  20  1:25  Zealot (Chrono Boost)  
  22  1:31  Pylon  
  22  1:36  Probe  
  23  1:49  Probe (Chrono Boost)  
  26  2:01  Mothership Core (Chrono Boost)  
  26  2:02  Stargate  
  26  2:07  Adept (Chrono Boost)  
  28  2:11  Warp Gate  
  28  2:19  Probe (Chrono Boost)  
  29  2:25  Pylon  
  29  2:31  Probe  
  30  2:40  Pylon  
  30  2:45  Oracle (Chrono Boost)  
  33  2:51  Pylon  
  33  2:54  Probe  
  33  3:06  Probe  
  34  3:17  Nexus  
  34  3:25  Oracle (Chrono Boost)  
  37  3:28  Probe  
  38  3:35  Pylon  
  38  3:40  Probe  
  39  3:52  Pylon  
  39  3:53  Probe  
  40  3:59  Twilight Council  
  40  4:05  Probe  
  41  4:12  Gateway  
  41  4:18  Probe, Gateway  
  42  4:28  Probe  
  42  4:30  Charge (Chrono Boost), Probe  
  44  4:38  Probe  
  44  4:42  Probe  
  46  4:46  Sentry  
  46  4:50  Probe  
  46  4:51  Phoenix (Chrono Boost)  
  51  4:54  Probe  
  52  5:02  Probe  
  52  5:06  Probe  
  54  5:10  Gateway  
  54  5:14  Probe  
  54  5:15  Pylon  
  54  5:17  Pylon  
  54  5:18  Probe, Phoenix (Chrono Boost)  
  58  5:24  Zealot  
  58  5:28  Zealot  
  62  5:29  Zealot  
  62  5:31  Probe  
  62  5:32  Probe  
  66  5:40  Phoenix (Chrono Boost)  
  68  5:43  Probe  
  68  5:45  Zealot  
  68  5:49  Pylon  
  72  5:50  Zealot  
  72  5:53  Zealot  
  75  6:00  Pylon  
  75  6:02  Pylon  
  75  6:07  Phoenix (Chrono Boost)  
  77  6:15  Pylon  
  77  6:23  Zealot  
  77  6:24  Zealot x2  
  83  6:27  Pylon  
  80  6:33  Pylon  
  80  6:35  Zealot  
  80  6:38  Phoenix (Chrono Boost)  
  84  6:43  Probe x2  
  84  6:45  Pylon  
  86  6:47  Zealot x2  
  86  6:48  Zealot  
  92  6:56  Zealot, Pylon  
  90  7:04  Phoenix (Chrono Boost)  
  92  7:12  Zealot x2  
  92  7:28  Phoenix (Chrono Boost)  
  74  7:39  Probe x2  
  76  7:47  Nexus  
  76  7:52  Forge  
  76  7:55  Probe  
  76  7:56  Probe  
  78  8:09  Probe x2, Pylon  
  80  8:13  Templar Archives  
  80  8:15  Assimilator  
  80  8:16  Assimilator  
  80  8:21  Probe x2  
  80  8:24  Pylon  
  80  8:26  Protoss Ground Armor Level 1 (Chrono Boost)  
  82  8:33  Probe x2  
  84  8:43  Pylon  
  84  8:45  Probe x2, Phoenix  
  88  8:50  Zealot x2, High Templar x2  
  88  8:55  Archon  
  96  9:00  Gateway  
  96  9:03  Gateway  
  96  9:05  Gateway  
  96  9:10  Probe  
  96  9:11  Probe x2  
  96  9:15  High Templar x2  
  103  9:17  Pylon  
  103  9:19  Archon  
  103  9:21  Probe  
  104  9:24  Zealot x2  
  104  9:27  Pylon  
  108  9:34  Probe  
  108  9:35  Probe  
  86  9:45  Zealot x2  
  86  9:51  Zealot x2  
  94  9:58  Robotics Facility  
  94  9:59  Pylon  
  94  10:00  High Templar x2  
  94  10:04  Archon  
  94  10:08  Zealot  
  94  10:09  Zealot x2  
  100  10:15  Zealot x2  
  104  10:22  Gateway  
  104  10:23  Assimilator  
  104  10:28  Assimilator  
  104  10:29  Zealot x2, Sentry  
  106  10:41  Zealot x2  
  106  10:42  Zealot  
  89  10:55  Zealot x4  
Show
View Real Time Build Order
Export as new Build Order

ByuN Terran - Winner!

Build Orders: Cyclone Opening, MMM Bio 

Get SALT Encoding   

  12  0:00  SCV  
  13  0:12  SCV  
  14  0:17  Supply Depot  
  14  0:25  SCV  
  15  0:38  SCV  
  15  0:40  Barracks  
  16  0:44  Refinery  
  16  0:50  SCV  
  17  1:02  SCV  
  18  1:15  SCV  
  19  1:27  Orbital Command, Marine  
  20  1:41  Command Center  
  20  1:45  Barracks Reactor  
  20  1:52  SCV  
  21  1:56  Supply Depot  
  21  2:05  Factory  
  22  2:08  SCV  
  22  2:12  Refinery  
  22  2:21  SCV  
  23  2:24  Marine  
  23  2:25  Marine  
  25  2:33  SCV  
  26  2:42  Marine x2  
  28  2:45  SCV  
  29  2:58  SCV, Cyclone  
  33  3:05  Orbital Command  
  33  3:10  SCV  
  34  3:14  Starport  
  34  3:16  Marine x2  
  36  3:22  SCV  
  37  3:30  Factory Tech Lab  
  37  3:31  Supply Depot  
  37  3:34  Marine x2, SCV  
  37  3:35  SCV  
  40  3:46  SCV  
  40  3:47  SCV  
  39  3:54  Viking  
  41  3:58  SCV  
  41  3:59  SCV  
  41  4:01  Marine x2  
  45  4:05  Supply Depot  
  45  4:09  Siege Tank  
  48  4:10  SCV  
  49  4:17  SCV  
  49  4:19  Marine x2  
  49  4:21  Engineering Bay  
  49  4:22  SCV, Supply Depot  
  53  4:26  Medivac  
  53  4:28  Supply Depot  
  53  4:30  SCV  
  55  4:40  Marine x2  
  55  4:41  Siege Tank  
  55  4:45  SCV x2  
  62  4:47  Liberator, Supply Depot  
  62  4:54  Missile Turret  
  62  4:55  Missile Turret  
  62  4:58  Marine  
  63  5:00  Marine  
  66  5:08  SCV x2  
  66  5:13  Barracks  
  68  5:14  Supply Depot  
  68  5:20  SCV x2  
  70  5:24  Marine x2  
  70  5:26  Siege Tank  
  75  5:31  Barracks  
  75  5:34  SCV x2  
  77  5:44  Marine x2  
  77  5:47  SCV x2  
  81  5:51  Supply Depot  
  81  5:59  Bunker, SCV x2  
  81  6:01  Bunker  
  83  6:05  Bunker  
  83  6:11  SCV x2, Barracks Tech Lab  
  85  6:14  Marine x2, Starport Reactor  
  85  6:17  Factory Reactor  
  87  6:22  Terran Infantry Weapons Level 1  
  87  6:30  Marine  
  87  6:32  Marine x2  
  83  6:37  Stimpack  
  83  6:40  Refinery, Supply Depot  
  83  6:41  Refinery  
  83  6:43  Supply Depot  
  83  6:48  Marine, Bunker  
  83  6:49  Marine  
  83  6:50  Marine x2, Combat Shields  
  87  7:04  Missile Turret  
  87  7:05  Marine  
  87  7:07  Marine x3, Missile Turret  
  91  7:09  Widow Mine  
  91  7:10  Command Center  
  91  7:12  Widow Mine  
  94  7:23  Marine  
  94  7:25  Marine x3  
  82  7:35  Medivac x2  
  78  7:41  Marine, Widow Mine x2  
  78  7:42  Marine  
  78  7:43  Marine x2  
  85  7:46  SCV  
  85  7:47  SCV  
  82  7:59  Marine, Barracks  
  82  8:00  Marine, Barracks  
  82  8:01  SCV x2  
  86  8:09  Widow Mine x2, Concussive Shells  
  86  8:10  Marine x2  
  91  8:14  SCV  
  91  8:15  SCV  
  91  8:16  Terran Infantry Armor Level 1  
  91  8:17  Marauder, Engineering Bay, Armory  
  91  8:19  Marauder  
  97  8:24  Medivac  
  99  8:28  Orbital Command, Medivac  
  99  8:29  Supply Depot  
  99  8:30  Marine x2  
  103  8:41  Marauder x2  
  107  8:48  Marine x2, Widow Mine x2, Supply Depot  
  107  8:49  Barracks Reactor  
  107  8:50  Barracks Tech Lab  
  107  8:53  Liberator  
  107  8:55  Liberator  
  116  9:03  Orbital Command  
  116  9:04  Marine x2  
  116  9:08  Supply Depot x2  
  115  9:10  Supply Depot  
  115  9:11  Marine x3  
  123  9:21  SCV x2  
  123  9:22  Marine x2  
  127  9:28  Marine  
  127  9:29  Marine x2  
  127  9:30  Marine x2  
  132  9:33  SCV x2  
  132  9:34  SCV  
  130  9:40  Marine x2  
  120  9:45  SCV  
  120  9:46  Marine x2  
  120  9:47  Marauder  
  120  9:48  Marine x2  
  120  9:50  Widow Mine x2  
  128  9:53  Liberator  
  128  9:58  Marauder x2  
  132  10:04  Marine x2  
  131  10:08  Marauder  
  131  10:12  Marine x2  
  136  10:18  Widow Mine x2  
  136  10:19  SCV  
  136  10:20  Marauder x2, SCV x2  
  144  10:22  Marine x2  
  144  10:24  Refinery  
  144  10:27  Refinery  
  146  10:29  Marine x2  
  146  10:30  Marine  
  145  10:40  Marine x2  
  145  10:41  Marauder x2  
  139  10:47  Marine x3  
Tags
 
Add a new tag
Caveats
  • Supply blocks, unpowered buildings, or Contaminate may cause inaccurate times.
  • Supply counts are checked every 10 seconds.